 Dungeon Crawl Stone Soup version 0.26.1-11-gd32895ea62 (webtiles) character file.

Game seed: 17007419113591589435

12184 Amplified the Fighter (level 11, 0/97 (100) HPs)
             Began as a Minotaur Earth Elementalist on June 20, 2021.
             Was an Elder of Okawaru.
             Killed from afar by an orc sorcerer (22 damage)
             ... with a bolt of negative energy
             ... on level 2 of the Orcish Mines.
             The game lasted 00:16:03 (15183 turns).

Amplified the Fighter (MiEE)                       Turns: 15183, Time: 00:16:04

HP:   0/97 (100)    AC: 11    Str: 16    XL:     11   Next: 59%
MP:   14/15         EV: 33    Int: 12    God:    Okawaru [****..]
Gold: 834           SH: 13    Dex: 11    Spells: 11/12 levels left

rFire    . . .     SeeInvis .   j - +2 hand axe
rCold    + . .     Faith    .   r - +0 kite shield
rNeg     . . .     Spirit   .   c - +2 leather armour {rC+}
rPois    .         Reflect  .   q - +1 hat
rElec    .         Harm     +   e - scarf {harm}
rCorr    .         Rampage  +   l - +1 pair of gloves (curse)
Will     +....                  C - +0 pair of boots {rampage}
Stlth    +++.......             o - amulet of the acrobat (curse)
HPRegen  0.26/turn              y - ring of willpower
MPRegen  0.14/turn              (no ring)

@: heroism, acrobat, lightly drained
A: retaliatory headbutt, horns 2
a: Renounce Religion, Heroism


You were on level 2 of the Orcish Mines.
You worshipped Okawaru.
Okawaru was greatly pleased with you.
You visited 3 branches of the dungeon, and saw 14 of its levels.

You collected 834 gold pieces.

Inventory:

Hand Weapons
 j - a +2 hand axe (weapon)
Missiles
 b - 333 stones
 i - 37 poisoned darts (quivered)
Armour
 c - a +2 leather armour of cold resistance (worn)
 e - a scarf of harm (worn)
 l - a cursed +1 pair of gloves (worn)
 q - a +1 hat (worn)
 r - a +0 kite shield (worn)
 C - a +0 pair of boots of rampaging (worn)
Jewellery
 n - an uncursed amulet of magic regeneration
 o - a cursed amulet of the acrobat (around neck)
 y - a ring of willpower (left hand)
Wands
 k - a wand of flame (31)
 m - a wand of polymorph (3)
 u - a wand of disintegration (5)
 w - a wand of digging (4)
Scrolls
 a - a scroll of magic mapping
 d - 9 scrolls of remove curse
 h - 3 scrolls of enchant armour
 A - a scroll of amnesia
Potions
 g - a potion of flight
 s - 2 potions of brilliance
 t - 2 potions of haste
 v - 4 potions of curing
 x - a potion of mutation
 B - a potion of might


   Skills:
 * Level 10.2(15.2) Fighting
 * Level 10.1(15.1) Axes
 + Level 7.2(12.2) Armour
 + Level 6.9(11.9) Dodging
 - Level 1.5(6.5) Stealth
 * Level 10.1(15.1) Shields
 - Level 1.3 Spellcasting
 - Level 0.7 Transmutations
 - Level 2.4 Earth Magic
 * Level 7.5 Invocations


You had 11 spell levels left.
You knew the following spells:

 Your Spells              Type           Power        Failure   Level
a - Sandblast             Erth           12%          12%         1

Your spell library contained the following spells:

 Spells                   Type           Power        Failure   Level
 Passwall                 Tmut/Erth      3%           26%         2
 Stone Arrow              Conj/Erth      6%           52%         3
 Petrify                  Tmut/Erth      4%           87%         4
 Lee's Rapid Deconstruct  Erth           3%           98%         5


Dungeon Overview and Level Annotations

Branches:
Dungeon (11/15)            Temple (1/1) D:5            Lair (0/6) D:11
    Orc (2/2) D:10
    Elf: Orc:2

Altars:
Ashenzari
Cheibriados
Dithmenos
Elyvilon
Fedhas
Gozag
Hepliaklqana
Kikubaaqudgha
Makhleb
Nemelex Xobeh
Okawaru
Qazlal
Ru
Sif Muna
Trog
Uskayaw
Vehumet
Wu Jian
Xom
Yredelemnul
Zin
The Shining One

Shops:
D:9 :


Innate Abilities, Weirdness & Mutations

You reflexively headbutt those who attack you in melee.
You have a pair of horns on your head.


Message History

You headbutt the orc warrior, but do no damage.
You climb downwards.
You hear a distant snort.
Hark!
There is a gateway to a gauntlet on this level.
Find the entrance quickly before the gate is sealed!
Reactivating autopickup. 2 orcs, an orc warrior, 2 orc sorcerers and 2 ogres come into view.
An orc sorcerer is wielding a +0 dagger and wearing a +1 robe of willpower.
The orc sorcerer shouts! x2; The orc shouts!
The ogre shouts! x2
The orc warrior shouts!
You hear a shout! x3
There is a stone staircase leading up here.
Unknown command.
Unknown command.
Okay, then.
Okay, then.
The orc priest begins to cast a cantrip, but forgets the words!
An orc knight comes into view. It is wielding a +0 dire flail.
An ogre comes into view. It is wielding a +0 giant club.
The orc sorcerer points at you and mumbles some strange words.
The bolt of negative energy hits you!!
You feel drained.
You die...

# .. .. ..##.
o....#
#.....###
........##
.........##
.......o@.###
.......oo.o.#
......#.#..O.#
#.... ...#..##
.#.# o......#
.. .......## .
..o.....O
.....O.....
...#........#


You could see an orc knight (wandering), 2 orc sorcerers, an orc warrior, 3
ogres and 2 orc priests.

Vanquished Creatures
  2 two-headed ogres (D:11)
  5 centaur skeletons
  4 centaur zombies (D:9)
  2 hellwings (D:9)
  5 trolls
  A hornet (D:8)
  Sigmund (D:6)
  A wyvern (D:8)
  Menkaure (D:6)
  A soldier ant (D:11)
  A water moccasin (D:8)
  An acid dragon (D:5)
  An orc warrior (D:10)
  5 black bears
  2 ice beasts
  A sky beast (D:11)
  10 ogres
  2 phantoms
  A necrophage (D:11)
  4 wolves (D:11)
  4 centaurs
  6 big kobolds
  6 gnoll sergeants
  A bullfrog (D:8)
  2 wyvern zombies
  6 killer bees (D:9)
  3 scorpions
  7 wights
  2 howler monkeys
  An electric eel (D:11)
  A bullfrog zombie (D:6)
  2 jellies
  A quasit (D:9)
  3 orc priests
  A gnoll shaman (D:7)
  5 hounds
  12 orc wizards
  2 iguanas
  Ijyb (D:3)
  9 worker ants
  A killer bee zombie (D:5)
  3 hound zombies
  2 worker ant zombies
  19 gnolls
  14 adders
  9 shadow imps
  3 white imps
  2 ufetubi
  An adder zombie (D:7)
  An adder skeleton (D:4)
  3 dart slugs
  9 leopard geckos
  38 orcs
  2 ball pythons
  5 bats
  8 giant cockroaches
  12 goblins
  4 hobgoblins
  14 jackals
  12 kobolds
  4 quokkas
  5 frilled lizards
  A quokka skeleton (D:4)
  3 rats
301 creatures vanquished.

Vanquished Creatures (others)
  2 plants (D:3)
  4 withered plants (D:9)
6 creatures vanquished.

Grand Total: 307 creatures vanquished

Notes
Turn   | Place    | Note
-------+----------+-------------------------------------------
     0 | D:1      | Amplified the Minotaur Earth Elementalist began the quest
                  | for the Orb.
     0 | D:1      | Reached XP level 1. HP: 14/14 MP: 1/1
   288 | D:1      | Reached skill level 1 in Fighting
   289 | D:1      | Reached XP level 2. HP: 23/23 MP: 3/3
   299 | D:1      | Reached skill level 1 in Shields
   657 | D:2      | Found a broken altar of Ashenzari.
   742 | D:2      | Reached skill level 1 in Armour
   742 | D:2      | Reached XP level 3. HP: 25/29 MP: 4/4
   803 | D:2      | Reached skill level 1 in Axes
  1326 | D:2      | Reached XP level 4. HP: 33/36 MP: 5/5
  1490 | D:2      | Found a shadowy altar of Dithmenos.
  1679 | D:2      | Found an opulent altar of Gozag.
  1745 | D:2      | Found a sparkling altar of Nemelex Xobeh.
  1753 | D:2      | Noticed an ogre
  1771 | D:2      | Killed an ogre
  1772 | D:2      | Reached XP level 5. HP: 10/45 MP: 6/6
  2237 | D:3      | Found a transporter.
  2510 | D:3      | Found a transporter.
  2658 | D:3      | Reached XP level 6. HP: 51/51 MP: 7/7
  2871 | D:3      | Noticed Ijyb
  2882 | D:3      | Killed Ijyb
  4201 | D:4      | Found a snail-covered altar of Cheibriados.
  4417 | D:4      | Found a stormy altar of Qazlal.
  4690 | D:5      | Entered Level 5 of the Dungeon
  4690 | D:5      | Found a staircase to the Ecumenical Temple.
  4719 | D:5      | Reached XP level 7. HP: 43/60 MP: 8/8
  4817 | Temple   | Entered the Ecumenical Temple
  4969 | Temple   | Became a worshipper of Warmaster Okawaru
  5192 | D:5      | Reached skill level 1 in Invocations
  5386 | D:5      | Reached * piety under Okawaru
  5419 | D:5      | Reached skill level 5 in Fighting
  5693 | D:5      | Reached skill level 5 in Shields
  5872 | D:5      | Reached XP level 8. HP: 56/68 MP: 9/9
  6166 | D:6      | Reached skill level 5 in Axes
  6195 | D:6      | Found a white marble altar of Elyvilon.
  6459 | D:6      | Noticed Sigmund
  6891 | D:7      | Reached ** piety under Okawaru
  7478 | D:7      | Found a glowing golden altar of the Shining One.
  7878 | D:8      | Reached XP level 9. HP: 78/78 MP: 10/10
  7895 | D:8      | Found a broken altar of Ashenzari.
  7896 | D:8      | Found a shimmering blue altar of Sif Muna.
  8520 | D:8      | Paralysed by a hornet for 1 turns
  8900 | D:8      | Reached *** piety under Okawaru
  8901 | D:8      | Reached skill level 5 in Armour
  8901 | D:8      | Reached skill level 5 in Dodging
  9226 | D:8      | Found a hide-covered altar of Uskayaw.
  9450 | D:8      | Found a basalt altar of Yredelemnul.
  9530 | D:8      | Found a hazy altar of Hepliaklqana.
  9840 | D:6      | Noticed Menkaure
  9845 | D:6      | Killed Menkaure
  9886 | D:6      | Found a glowing silver altar of Zin.
  9897 | D:6      | Found a shadowy altar of Dithmenos.
 10566 | D:6      | Reached skill level 5 in Invocations
 11113 | D:6      | Killed Sigmund
 11214 | D:9      | Reached **** piety under Okawaru
 11215 | D:9      | Reached XP level 10. HP: 69/88 MP: 10/12
 12000 | D:9      | Reached ***** piety under Okawaru
 12535 | D:9      | Found Dilourch's Book Shop.
 12636 | D:9      | Found a sacrificial altar of Ru.
 12694 | D:9      | Found a bloodstained altar of Trog.
 12776 | D:10     | Entered Level 10 of the Dungeon
 12946 | D:10     | Found a staircase to the Orcish Mines.
 12984 | D:10     | Reached XP level 11. HP: 44/97 MP: 7/15
 13253 | D:10     | Received a gift from Okawaru
 14194 | D:11     | Noticed a two-headed ogre
 14220 | D:11     | Noticed a skeletal warrior
 14223 | D:11     | Killed a two-headed ogre
 14274 | Orc:1    | Entered Level 1 of the Orcish Mines
 14278 | Orc:1    | Noticed an orc knight
 14708 | D:11     | Reached skill level 10 in Fighting
 14820 | D:11     | Reached skill level 10 in Shields
 14909 | D:11     | Noticed a two-headed ogre
 14923 | D:11     | Killed a two-headed ogre
 14924 | D:11     | Reached skill level 10 in Axes
 15088 | D:11     | Noticed a skeletal warrior
 15182 | Orc:2    | Entered Level 2 of the Orcish Mines
 15182 | Orc:2    | Noticed an orc sorcerer
 15182 | Orc:2    | Noticed an orc sorcerer
 15183 | Orc:2    | Noticed an orc knight
 15183 | Orc:2    | Killed from afar by an orc sorcerer

Illustrated notes

Levels and vault maps discovered:
D:1:      dpeg_arrival_fog, layout_basic
D:2:      kennysheep_the_goblin_king, layout_loops_ring, general_overflow_altar,
          lemuel_doored_altar, grunt_dithmenos_smoke_and_mirrors,
          ashenzari_altar_1
D:3:      gammafunk_wand_slinger, layout_loops_ring, uniq_ijyb
D:4:      minmay_recursive_quarters, layout_basic, kennysheep_mini,
          overflow_temple_1_default
D:5:      layout_basic, minmay_temple_entry_proselytizer,
          kennysheep_another_room, st_stairs_5
D:6:      layout_loops_ring, overflow_temple_1_default, basic_altar,
          elyvilon_altar_3, uniq_sigmund, uniq_menkaure
D:7:      layout_basic, tso_altar
D:8:      layout_loops_ring, lemuel_crystal_altar, kennysheep_little_box,
          minitemple, marbit_many_paths
D:9:      cheibrodos_grave_circle, layout_cave_pools, trog_ov_bears_minmay,
          serial_shops, shop, serial_column_ruins, column_ruins_hut,
          column_ruins_hut, column_ruins_columns_straight,
          column_ruins_open_large, column_ruins_grid_1, nicolae_ru_path_of_blood
D:10:     layout_small_grid, kennysheep_orc_monster_closet_entryway
D:11:     layout_stronghold, erik_lair_island
Temple:   compressed_dpeg_triangle_lava_temple
Orc:1:    nicolae_orc_accident_1, layout_caves, enter_volcano_3, serial_shops
Orc:2:    st_orc_ogre_mass, layout_caves, gauntlet_entry_generic, serial_shops,
          nicolae_shop_temple_entry_statues_fountains, shop,
          amcnicky_altar_lugonu_corruption, uniq_saint_roka

Skill      XL: |  1  2  3  4  5  6  7  8  9 10 11 |
---------------+----------------------------------+-----
Fighting       | 1 2 3 4 5 6 7 9 10 | 10.2
Shields        | 1 2 3 4 5 6 7 9 10 | 10.1
Armour         | 1 2 3 4 5 6 7 |  7.2
Axes           | 1 2 3 4 6 7 9 10 | 10.1
Dodging        | 3 4 5 6 |  6.9
Invocations    | 2 3 5 6 7 |  7.5
Stealth        | |  1.5
Spellcasting   | |  1.3
Transmutations | |  0.7
Earth Magic    | |  2.4

Action                   |  1- 3 |  4- 6 |  7- 9 | 10-12 || total
-------------------------+-------+-------+-------+-------++-------
Melee: Unarmed           |    30 |     3 |       |       ||    33
       Headbutt          |    12 |    12 |    57 |   122 ||   203
       Hand axe          |    49 |   164 |   398 |   460 ||  1071
Throw: Dart              |       |       |     9 |     6 ||    15
Invok: Heroism           |       |       |     4 |    11 ||    15
       Finesse           |       |       |       |     2 ||     2
Evoke: Wand              |       |     2 |     5 |     4 ||    11
  Use: Scroll            |     7 |     7 |     9 |    10 ||    33
       Potion            |       |     4 |     9 |     5 ||    18
Armor: Ring mail         |    27 |    53 |   113 |    51 ||   244
       Skin              |       |     1 |    47 |       ||    48
       Leather armour    |       |       |       |    44 ||    44
Dodge: Dodged            |    52 |   116 |   164 |   252 ||   584
Block: Buckler           |    12 |    25 |       |       ||    37
       Kite shield       |       |    31 |   200 |   275 ||   506
